Map: Solaris LE

Players

lllIlllIllIl

  • Race: Terran Terran
  • League: Grandmaster
  • Spawn Location: 1:00

llllllllllll - Winner!

  • Race: Protoss Protoss
  • League: Master
  • Spawn Location: 7:00

VOD

Have the link to the VOD?

Description

Time

  • Played on: Oct. 7, 2023, 12:29 p.m.
  • Length: 5:46
Show
View Real Time Build Order
Export as new Build Order

lllIlllIllIl Terran 

Build Orders: Cyclone Opening, Reaper Expand 

Get SALT Encoding   

  12  0:00  SCV  
  13  0:12  SCV  
  14  0:17  Supply Depot  
  14  0:24  SCV  
  15  0:39  Barracks, SCV  
  16  0:43  Refinery  
  16  0:51  SCV  
  17  1:03  SCV  
  18  1:16  SCV  
  19  1:27  Reaper  
  19  1:28  Orbital Command  
  20  1:40  Command Center  
  20  1:47  Supply Depot  
  20  1:54  SCV  
  20  1:59  Marine  
  22  2:06  SCV  
  23  2:13  Factory  
  23  2:15  Bunker  
  23  2:18  SCV, Marine  
  25  2:29  Refinery  
  25  2:30  SCV  
  26  2:39  Barracks Reactor  
  26  2:42  SCV  
  27  2:53  Orbital Command  
  27  2:55  SCV  
  27  2:58  Cyclone  
  30  2:59  Barracks  
  30  3:07  SCV  
  30  3:09  Barracks  
  30  3:16  Marine  
  30  3:17  Marine  
  30  3:19  SCV x2  
  34  3:30  Factory Tech Lab  
  34  3:31  SCV  
  34  3:32  SCV  
  36  3:35  Marine x2  
  36  3:37  Supply Depot  
  36  3:42  Cyclone  
  36  3:43  SCV  
  36  3:45  SCV  
  39  3:53  Marine x2  
  38  3:57  Marine  
  38  4:00  SCV  
  38  4:03  SCV  
  38  4:09  Marine  
  40  4:10  Marine  
  40  4:11  Marine  
  40  4:12  SCV  
  40  4:14  Marine  
  40  4:15  SCV  
  45  4:21  Cyclone  
  43  4:24  SCV  
  43  4:27  SCV, Marine  
  38  4:35  Marine  
  38  4:36  Marine x2  
  42  4:38  SCV  
  42  4:39  SCV  
  42  4:46  Marine  
  42  4:50  SCV  
  42  4:51  SCV  
  45  4:56  Marine x2  
  40  5:02  SCV  
  40  5:03  SCV  
Show
View Real Time Build Order
Export as new Build Order

llllllllllll Protoss - Winner!

Build Orders:  

Get SALT Encoding   

  12  0:00  Probe  
  13  0:14  Pylon  
  13  0:18  Probe  
  14  0:30  Probe (Chrono Boost)  
  14  0:33  Gateway  
  15  0:42  Probe (Chrono Boost)  
  16  0:43  Assimilator  
  16  0:47  Probe (Chrono Boost)  
  17  0:52  Assimilator  
  18  0:57  Probe  
  18  1:09  Probe  
  19  1:20  Cybernetics Core  
  19  1:21  Probe  
  20  1:28  Pylon  
  20  1:33  Probe  
  21  1:45  Probe  
  22  1:53  Adept (Chrono Boost)  
  22  1:57  Robotics Facility, Probe  
  25  2:01  Robotics Facility  
  25  2:14  Pylon  
  25  2:16  Stalker  
  26  2:41  Immortal (Chrono Boost)  
  32  2:56  Warp Prism (Chrono Boost)  
  32  3:10  Pylon  
  32  3:12  Immortal (Chrono Boost)  
  36  3:32  Immortal  
  40  4:01  Immortal (Chrono Boost)  
  44  4:03  Pylon  
  46  4:22  Immortal (Chrono Boost)  
  46  4:37  Immortal (Chrono Boost)  
  50  4:42  Pylon  
Tags
 
Add a new tag
Caveats
  • Supply blocks, unpowered buildings, or Contaminate may cause inaccurate times.
  • Supply counts are checked every 10 seconds.